Map: King's Cove LE

Players

ShaDoWn

  • Race: Protoss Protoss
  • League: Master
  • Spawn Location: 11:00

Lambo - Winner!

  • Race: Zerg Zerg
  • League: Master
  • Spawn Location: 5:00

VOD

Have the link to the VOD?

Description

Time

  • Played on: Jan. 25, 2019, 10:57 a.m.
  • Length: 8:32
Show
View Real Time Build Order
Export as new Build Order

ShaDoWn Protoss 

Build Orders: 1 Gate Expand, Oracle Opening, Phoenix Opening, Archon Immortal, Archon Drop 

Get SALT Encoding   

  12  0:00  Probe  
  13  0:12  Probe  
  14  0:19  Pylon  
  14  0:25  Probe  
  15  0:33  Probe  
  15  0:38  Gateway  
  15  0:41  Probe  
  16  0:47  Assimilator  
  17  0:52  Probe  
  18  1:04  Probe  
  19  1:16  Probe  
  20  1:25  Nexus  
  20  1:35  Cybernetics Core  
  20  1:38  Probe  
  21  1:45  Assimilator  
  21  1:50  Probe  
  21  1:53  Pylon  
  22  2:01  Adept  
  22  2:02  Probe  
  23  2:14  Probe  
  26  2:20  Stargate  
  26  2:26  Probe  
  27  2:31  Adept  
  27  2:33  Probe  
  27  2:34  Probe, Warp Gate  
  29  2:41  Probe  
  29  2:42  Probe  
  33  2:51  Probe  
  33  2:52  Probe  
  35  3:03  Probe  
  35  3:04  Phoenix, Probe  
  39  3:15  Probe  
  39  3:17  Probe  
  39  3:18  Assimilator  
  39  3:19  Assimilator  
  41  3:23  Pylon  
  41  3:25  Probe  
  40  3:27  Probe  
  40  3:33  Probe  
  42  3:34  Oracle  
  42  3:41  Probe  
  46  3:44  Probe  
  46  3:48  Robotics Facility  
  48  3:49  Probe  
  49  3:56  Probe  
  49  3:57  Probe  
  49  3:58  Twilight Council  
  51  4:04  Pylon  
  51  4:07  Probe  
  51  4:08  Probe  
  53  4:17  Gateway  
  53  4:20  Gateway, Probe  
  54  4:25  Warp Prism, Zealot  
  56  4:35  Gateway  
  58  4:42  Templar Archives  
  58  4:53  Nexus  
  58  4:57  Probe x2  
  60  5:05  Pylon  
  60  5:08  Observer  
  60  5:09  Probe  
  60  5:12  Pylon  
  62  5:17  Forge  
  62  5:23  Probe x2  
  64  5:34  Immortal  
  64  5:35  High Templar x4, Probe x2  
  76  5:40  Archon x2  
  78  5:43  Robotics Facility, Pylon  
  78  5:59  Protoss Ground Weapons Level 1  
  78  6:01  Probe x2  
  80  6:06  Probe  
  81  6:12  Gateway, Probe x2  
  81  6:15  Probe  
  81  6:16  Gateway  
  84  6:20  Probe x2  
  84  6:23  Immortal, Probe  
  90  6:28  Probe x2  
  90  6:29  Assimilator  
  90  6:30  Assimilator  
  93  6:36  Immortal  
  93  6:39  Probe x2  
  98  6:42  Probe  
  98  6:43  Pylon  
  100  6:59  Zealot  
  100  7:00  Zealot  
  100  7:01  Zealot x2  
  98  7:03  Immortal  
  99  7:08  Probe  
  99  7:19  Immortal  
  99  7:21  Shield Battery, Pylon  
  100  7:40  Shield Battery  
  96  7:48  Pylon  
  78  8:18  Pylon  
  78  8:19  Pylon  
Show
View Real Time Build Order
Export as new Build Order

Lambo Zerg - Winner!

Build Orders: Hatch First 

Get SALT Encoding   

  12  0:01  Drone  
  13  0:13  Overlord  
  13  0:18  Drone  
  14  0:32  Drone x2  
  16  0:51  Hatchery  
  16  0:53  Drone  
  16  0:56  Drone  
  17  1:00  Drone  
  18  1:10  Extractor  
  17  1:15  Spawning Pool  
  16  1:19  Drone  
  16  1:22  Drone  
  18  1:29  Drone  
  20  1:40  Drone  
  20  1:50  Overlord  
  20  2:03  Queen x2, Zergling x2  
  20  2:04  Zergling x2  
  26  2:12  Drone, Metabolic Boost  
  27  2:16  Drone  
  28  2:26  Drone  
  28  2:27  Drone  
  30  2:41  Hatchery  
  30  2:43  Drone  
  30  2:44  Drone  
  30  2:47  Drone  
  32  2:51  Overlord  
  32  2:59  Queen  
  32  3:03  Drone x2  
  35  3:15  Drone  
  33  3:20  Drone x2  
  33  3:21  Drone  
  33  3:22  Drone  
  38  3:27  Drone x3  
  38  3:31  Overlord  
  40  3:36  Drone  
  40  3:38  Queen  
  43  3:46  Drone  
  44  3:51  Drone x2  
  46  3:55  Spore Crawler  
  46  3:56  Drone  
  46  3:57  Drone  
  46  3:59  Drone  
  46  4:00  Drone x3, Spore Crawler  
  50  4:07  Overlord  
  50  4:13  Roach Warren, Drone  
  50  4:14  Overlord  
  50  4:19  Lair  
  50  4:24  Extractor  
  50  4:25  Extractor  
  50  4:29  Drone x6  
  54  4:31  Drone  
  54  4:34  Drone x2  
  54  4:38  Drone x2  
  59  4:39  Drone  
  59  4:41  Drone, Extractor  
  60  4:49  Drone  
  60  4:50  Drone x2  
  60  4:52  Overlord  
  63  4:57  Drone x3  
  63  4:58  Overlord  
  63  4:59  Extractor  
  65  5:04  Drone  
  64  5:07  Drone x2  
  64  5:11  Overlord  
  64  5:13  Overlord  
  66  5:14  Drone x3  
  66  5:15  Roach  
  66  5:18  Overseer  
  66  5:19  Overseer  
  71  5:22  Roach x2  
  71  5:26  Glial Reconstitution  
  71  5:27  Roach  
  77  5:32  Overseer  
  77  5:35  Roach x3  
  83  5:39  Roach x3  
  89  5:50  Roach  
  89  5:51  Nydus Network, Roach x2  
  89  5:54  Overlord x2  
  89  5:57  Overlord  
  94  6:03  Roach  
  96  6:04  Nydus Network  
  96  6:07  Roach  
  97  6:12  Overlord x2  
  97  6:14  Overlord  
  97  6:15  Overlord  
  97  6:18  Overlord  
  99  6:25  Roach  
  99  6:26  Roach x4  
  99  6:31  Roach x3  
  113  6:36  Roach x3  
  119  6:41  Roach x2  
  123  6:50  Roach x3  
  123  6:51  Roach x2  
  131  6:54  Nydus Canal  
  131  6:56  Roach x3  
  131  6:58  Roach  
  139  7:05  Nydus Canal  
  139  7:07  Roach x4  
  145  7:12  Roach x3  
  145  7:14  Roach  
  152  7:21  Roach  
  152  7:22  Zergling x6  
  157  7:23  Roach  
  157  7:24  Nydus Canal  
  157  7:28  Zergling x2, Roach x2  
  154  7:31  Roach  
  154  7:36  Roach x2  
  156  7:39  Nydus Canal  
  156  7:43  Roach x2  
  140  7:46  Roach  
  140  7:49  Nydus Canal  
  130  7:54  Roach x3  
  106  8:06  Roach x3  
  104  8:14  Extractor  
  104  8:15  Spire  
Tags
 
Add a new tag
Caveats
  • Supply blocks, unpowered buildings, or Contaminate may cause inaccurate times.
  • Supply counts are checked every 10 seconds.